 Dungeon Crawl Stone Soup version 0.31-a0-1352-gc98d92de7d (webtiles) character file.

Game seed: 14526699601004945978

2790 Poopy the Summoner (level 9, 39/39 HPs)
             Began as a Felid Summoner on Dec 22, 2023.
             Quit the game on level 5 of the Dungeon on Jan 18, 2024.
             The game lasted 00:16:40 (5935 turns).

Poopy the Summoner (Felid Summoner)                 Turns: 5935, Time: 00:16:40

Health: 39/39      AC:  2    Str:  4    XL:     9   Next: 43%
Magic:  20/20      EV: 42    Int: 23    God:
Gold:   390        SH:  0    Dex: 17    Spells: 9/22 levels left
                                        Lives:  2   Deaths: 1

rFire   . . .        (weapon unavailable)
rCold   . . .        (shield unavailable)
rNeg    . . .        (body armour unavailable)
rPois   .            (helmet unavailable)
rElec   .            (cloak unavailable)
rCorr   .            (gloves unavailable)
SInv    +            (boots unavailable)
Will    +....        o - amulet of the acrobat
Stlth   ++           f - +5 ring of evasion
HPRegen 0.26/turn    (no ring)
MPRegen 0.17/turn

%: acrobat
@: acrobatic
A: very small, claws 1, fangs 3, see invisible, shaggy fur 2, stealthy paws, no
weapons or thrown items, no armour, multi-lived
a: no special abilities


You were on level 5 of the Dungeon.
You visited 1 branch of the dungeon, and saw 5 of its levels.

You collected 390 gold pieces.

Inventory:

Jewellery
 f - a +5 ring of evasion (left paw)
 g - a ring of fire
 o - an amulet of the acrobat (around neck)
Wands
 p - a wand of iceblast (10)
 w - a wand of flame (26)
Scrolls
 c - a scroll of amnesia {unknown}
 d - 5 scrolls of identify {unknown}
 e - 2 scrolls of fog {unknown}
 i - 4 scrolls of teleportation {unknown}
 k - a scroll of enchant weapon {unknown}
 m - 2 scrolls of noise {unknown}
 n - a scroll of silence {unknown}
 q - a scroll of immolation {unknown}
 t - a scroll of enchant armour {unknown}
 u - a scroll of vulnerability {unknown}
Potions
 a - 2 potions of magic
 b - a potion of degeneration {unknown}
 h - a potion of brilliance {unknown}
 j - a potion of berserk rage {unknown}
 l - a potion of invisibility {unknown}
 r - a potion of mutation {unknown}
 s - 2 potions of lignification {unknown}
 v - 2 potions of heal wounds {unknown}
 x - a potion of enlightenment {unknown}


   Skills:
 + Level 7.7 Dodging
 - Level 2.8 Stealth
 * Level 7.1 Spellcasting
 + Level 6.2 Hexes
 * Level 8.5 Summonings
 + Level 2.2 Air Magic


You had 9 spell levels left.
You knew the following spells:

 Your Spells              Type           Power      Damage    Failure   Level
a - Summon Small Mammal   Summ           100%       N/A       1%          1
b - Call Imp              Summ           94%        N/A       1%          2
c - Call Canine Familiar  Summ           47%        N/A       1%          3
d - Summon Guardian Gole  Hex/Summ       42%        N/A       1%          3
e - Summon Lightning Spi  Summ/Air       32%        N/A       9%          4

Your spell library contained the following spells:

 Spells                   Type           Power      Damage    Failure   Level
 Summon Ice Beast         Ice/Summ       27%        N/A       13%         4
 Hailstorm                Conj/Ice       8%         3d5       22%         3
 Simulacrum               Ice/Necr       4%         N/A       100%        6


Dungeon Overview and Level Annotations

Branches:
Dungeon (5/15)
 Temple: D:4-7

Altars:
Ru
Uskayaw
Yredelemnul

Shops:
D:2 :


Innate Abilities, Weirdness & Mutations

You have sharp claws.
You have razor-sharp teeth.
You have supernaturally acute eyesight. (SInv)
You are covered in thick fur. (AC +2)
Your paws help you pounce on unaware monsters.
You are incapable of wielding weapons or throwing items.
You cannot wear armour.
You gain extra lives every three experience levels.


Message History

The fiery explosion engulfs hackum's ghost!!!
Hackum's ghost is destroyed!
The fiery explosion engulfs the water moccasin skeleton!!
The water moccasin skeleton is destroyed!
The fiery explosion engulfs your lightning spire.
Your lightning spire resists.
Your inugami hits the bullfrog zombie.
Your inugami barely misses the water moccasin skeleton.
Your inugami closely misses the bullfrog zombie.
Your Spellcasting skill increases to level 7!
Your Hexes skill increases to level 6!
Your Air Magic skill increases to level 2!
The bullfrog zombie hits your inugami.
The water moccasin skeleton bites your inugami.
Your lightning spire is engulfed in blazing flames.
Your inugami hits the bullfrog zombie!
The bullfrog zombie closely misses your inugami.
The water moccasin skeleton barely misses your inugami.
Your inugami hits the bullfrog zombie.
The bullfrog zombie is destroyed!
The water moccasin skeleton bites your inugami.
Your lightning spire is engulfed in blazing flames.
Your lightning spire shoots out a bolt of lightning at the water moccasin skeleton!
The bolt of electricity hits the water moccasin skeleton.
The water moccasin skeleton is destroyed!
You swap places.
Your lightning spire disappears in a puff of smoke!
There is an open translucent gate here.
You now have 366 gold pieces (gained 15).
You now have 376 gold pieces (gained 10).
You now have 390 gold pieces (gained 14).
Your inugami disappears in a puff of smoke!
Done exploring.
Done exploring.
Done exploring.
Done exploring.
Welcome back, Poopy the Felid Summoner.
Press ? for a list of commands and other information.
There is an open translucent gate here.
Are you sure you want to abandon this character and quit the game? (Confirm with "yes".)

..#..##).)##..#...#
#...#
..####.....####[..#
###.#
...........)......#
#.##
.##....#)#######.##
#..#
###.#....#######.#
##.#
.))............#.###
#.#
.##.#..#######.....#
#.# .##.##.####
##.....## ###
###.......#
###'@'###
..........#
#.......#
...#......#
##.....##
...#......#
#.......#
...#......#
##.....##
...#......#
#..#.#..#
###########
#########


There were no monsters in sight!

Vanquished Creatures
  An orc priest (D:4)
  An orc (D:4)
  A giant cockroach (D:4)
  A goblin (D:2)
  3 hobgoblins
  A kobold (D:1)
  2 ball pythons
  2 frilled lizards
  2 rats (D:3)
14 creatures vanquished.

Vanquished Creatures (collateral kills)
  A shadow (D:5)
  Sigmund (D:5)
  A black bear (D:5)
  An ogre (D:5)
  2 phantoms (D:5)
  A scorpion (D:5)
  A water moccasin skeleton (D:5)
  A bullfrog zombie (D:5)
  5 hounds
  3 orc priests
  A centaur skeleton (D:5)
  Ijyb (D:4)
  2 iguanas (D:5)
  5 orc wizards
  Robin (D:2)
  7 adders
  2 white imps (D:5)
  A worm (D:4)
  6 dart slugs
  23 orcs
  4 endoplasms
  3 giant cockroaches
  18 goblins
  7 hobgoblins
  7 jackals
  4 quokkas
  13 ball pythons
  13 bats
  A frilled lizard (D:1)
  9 kobolds
  4 rats
149 creatures vanquished.

Vanquished Creatures (others)
  A two-headed ogre (D:5)
  The ghost of hackum the Ducker, a novice OpGl (D:5)
  The ghost of Dirian the Covered, an amateur MiFi (D:3)
  An ogre (D:5)
  2 centaurs (D:5)
  A water moccasin skeleton (D:5)
  A jelly (D:5)
  2 adders (D:5)
10 creatures vanquished.

Grand Total: 173 creatures vanquished

Notes
Turn   | Place    | Note
-------+----------+-------------------------------------------
     0 | D:1      | Poopy the Felid Summoner began the quest for the Orb.
     0 | D:1      | Reached XP level 1. HP: 9/9 MP: 4/4
    64 | D:1      | Found a faded altar of an unknown god.
   139 | D:1      | Reached XP level 2. HP: 13/13 MP: 6/6
   142 | D:1      | Learned a level 2 spell: Call Imp
   622 | D:1      | Reached XP level 3. HP: 16/16 MP: 4/7
   626 | D:1      | Learned a level 3 spell: Call Canine Familiar
  1147 | D:2      | You fall into a shaft and drop 1 floor!
  1772 | D:3      | Found a large runed translucent door.
  1772 | D:3      | Found a large runed translucent door.
  1776 | D:3      | Noticed Dirian's ghost (amateur MiFi)
  2122 | D:2      | Reached XP level 4. HP: 21/21 MP: 4/9
  2397 | D:2      | Noticed Robin
  2409 | D:2      | Killed Robin
  2474 | D:2      | Found a sacrificial altar of Ru.
  2511 | D:2      | Learned a level 3 spell: Summon Guardian Golem
  2552 | D:2      | Found Sisifi's Book Emporium.
  3067 | D:3      | Killed Dirian's ghost
  3068 | D:3      | Reached skill level 5 in Summonings
  3068 | D:3      | Reached XP level 5. HP: 24/24 MP: 4/11
  3470 | D:4      | Gained mutation: You are covered in thick fur. (AC +2)
                  | [Felid growth]
  3470 | D:4      | Reached XP level 6. HP: 28/28 MP: 8/12
  3529 | D:4      | Noticed Ijyb
  3558 | D:4      | Killed Ijyb
  3559 | D:4      | Reached skill level 5 in Dodging
  3781 | D:4      | Reached skill level 1 in Hexes
  4547 | D:5      | Entered Level 5 of the Dungeon
  4547 | D:5      | Noticed Sigmund
  4775 | D:5      | Reached skill level 6 in Summonings
  4775 | D:5      | Reached XP level 7. HP: 19/32 MP: 12/14
  4780 | D:5      | Learned a level 4 spell: Summon Lightning Spire
  5007 | D:5      | Reached skill level 5 in Spellcasting
  5057 | D:5      | Killed Sigmund
  5058 | D:5      | Reached XP level 8. HP: 29/36 MP: 9/17
  5107 | D:5      | Reached skill level 7 in Summonings
  5352 | D:5      | Found a hide-covered altar of Uskayaw.
  5353 | D:5      | Found a basalt altar of Yredelemnul.
  5456 | D:5      | Found a runed translucent gate.
  5456 | D:5      | Found a runed translucent gate.
  5457 | D:5      | Found a runed translucent gate.
  5463 | D:5      | Killed from afar by an orc priest
  5544 | D:5      | Reached skill level 5 in Hexes
  5545 | D:5      | Reached skill level 1 in Air Magic
  5693 | D:5      | Noticed a two-headed ogre
  5705 | D:5      | Killed a two-headed ogre
  5706 | D:5      | Reached skill level 8 in Summonings
  5706 | D:5      | Reached XP level 9. HP: 39/39 MP: 13/20
  5819 | D:5      | Noticed hackum's ghost (novice OpGl)
  5842 | D:5      | Killed hackum's ghost
  5935 | D:5      | Quit the game

Illustrated notes

Levels and vault maps discovered:
D:1:      amcnicky_arrival_underground_garden, layout_basic,
          dreamdust_ecumenical_altar_grove
D:2:      layout_basic, basic_altar, serial_shops, shop, uniq_robin
D:3:      layout_loops_ring, ebering_ghost_disaster_area
D:4:      kennysheep_goblin_castle, layout_basic
D:5:      cheibrodos_barr_body, layout_rooms, gammafunk_temple_overflow_pools,
          gammafunk_ghost_necromancy, uniq_sigmund

Skill      XL: |  1  2  3  4  5  6  7  8  9 |
---------------+----------------------------+-----
Dodging        | 3 4 5 6 7 |  7.7
Spellcasting   | 3 4 5 6 7 |  7.1
Summonings     | 5 6 8 |  8.5
Hexes          | 2 3 5 6 |  6.2
Air Magic      | 1 2 |  2.2
Stealth        | |  2.8

Action                     |  1- 3 |  4- 6 |  7- 9 || total
---------------------------+-------+-------+-------++-------
  Melee: Unarmed           |    32 |    36 |    11 ||    79
         Bite              |     4 |     6 |     2 ||    12
         Punch             |       |     1 |       ||     1
   Cast: Summon Small Mamm |    11 |     4 |       ||    15
         Call Imp          |    20 |    16 |    11 ||    47
         Call Canine Famil |    14 |    22 |    15 ||    51
         Summon Guardian G |       |     2 |    11 ||    13
         Summon Lightning  |       |       |     1 ||     1
  Evoke: Wand              |       |     1 |       ||     1
   Stab: Sleeping          |     2 |     1 |       ||     3
         Distracted        |       |     1 |       ||     1
 Armour: Skin              |    13 |    27 |     6 ||    46
  Dodge: Dodged            |    63 |   108 |    36 ||   207

Table legend: (Time is in decaauts)
 A = Elapsed time spent in this place.
 B = Non-inter-level travel time spent in this place.
 C = Inter-level travel time spent in this place.
 D = Time resting spent in this place.
 E = Time spent auto-exploring this place.
 F = Levels seen in this place.
 G = Mean time per level.
                   A        B        C        D        E       F      G
               +--------+--------+--------+--------+--------+-----+--------+
         Total |   5934 |   5819 |    115 |    397 |   3751 |   5 | 1186.8 |
       Dungeon |   5934 |   5819 |    115 |    397 |   3751 |   5 | 1186.8 |
               +--------+--------+--------+--------+--------+-----+--------+

Top non-repeatable levels by time:
     D:4: 1593 daAuts
     D:5: 1193 daAuts
     D:1: 1104 daAuts
     D:3: 1100 daAuts
     D:2: 942 daAuts
